[Event "Prague Festival-Challengers 2022"]
[Site "Prague"]
[Date "2022.06.10"]
[Round "3.1"]
[White "Pechac, Jergus"]
[Black "Keymer, Vincent"]
[Result "1/2-1/2"]
[ECO "E08"]
[WhiteElo "2597"]
[BlackElo "2667"]
[Annotator "TA"]
[PlyCount "79"]
[EventDate "2022.06.07"]
[EventType "tourn"]
[EventCountry "CZE"]
[SourceTitle "playchess.com"]
[Source "ChessBase"]
[SourceQuality "1"]
[TimeControl "40/5400+30:1800+30"]

1. d4 Nf6 2. c4 e6 3. Nf3 d5 4. g3 Bb4+ 5. Bd2 Be7 6. Bg2 O-O 7. O-O c6 8. Qc2 Nbd7 9. Bf4 a5 10. Rd1 {[%emt 0:00:37] E08: Closed Catalan: Main Line: 7 Qc2.} h6 11. Nc3 {[%emt 0:00:35] 11.Nc3 was played by the boomers.} dxc4 12. Nd2 Nb6 13. e4 {[%emt 0:00:18][%mdl 1024] Inhibits Nfd5. White has compensation.} a4 (13... Qxd4 $2 14. Nf3 Qc5 15. Be3 $18) 14. a3 Bd7 {[%emt 0:01:14] [#]} (14... Qxd4 $2 15. e5 Qd3 16. Qxd3 cxd3 17. exf6 Bxf6 18. Nde4 $18) 15. Re1 $146 ({Predecessor:} 15. Rac1 Re8 16. Nf3 c5 17. Qe2 cxd4 18. Nxd4 Qc8 19. Rd2 Bc6 20. Nxc6 bxc6 21. Be3 {0-1 (64) Ferre Perez,A (2187)-Tsikunov,A (2148) ICCF email 2018}) 15... Qc8 16. Rad1 Rd8 17. h3 c5 18. d5 exd5 $1 19. Nxd5 Nfxd5 20. exd5 Bf8 (20... Bf5 $11 21. Qc1 Bd6 22. Bxd6 Rxd6) 21. g4 $16 {[%emt 0:06:36] 0x0.0022fa32c7aedp-1022s more active pieces.} (21. Nxc4 Nxc4 22. Qxc4 Ra6 $11) 21... h5 (21... Re8 $16) 22. Re5 $1 $18 (22. Nxc4 Nxc4 23. Qxc4 b5 $11) (22. gxh5 Bxh3 23. Bf3 Bg4 $17) 22... hxg4 (22... Bd6 $2 23. Rxh5 f5 24. Bxd6 $18) 23. Be4 ({Much worse is} 23. Rh5 $6 g6 24. Rh4 Bg7 $14) (23. Ne4 $16) 23... Bd6 $11 (23... gxh3 $2 24. Bh7+ Kh8 25. Rh5 $18) 24. Bh7+ Kf8 $2 {[%emt 0:01:58][%mdl 8192] [#]} (24... Kh8 $1 $11 {and Black is okay.} 25. Rde1 f5 26. Rxf5 Bxf5 27. Bxf5 Qc7 28. Bxd6 Rxd6 29. hxg4 Rf8) 25. Ne4 $1 $18 Bxe5 26. Bxe5 {[%emt 0:00:06] Hoping for Bd6+.} Bf5 {[%emt 0:03:04] [#]} 27. Qc3 $1 f6 (27... Bxh7 28. Bxg7+ Ke8 29. Nf6+ Ke7 30. Qe5+) (27... Nxd5 28. Bxg7+) 28. Bxf6 $1 Bxh7 (28... Nxd5 $142 29. Bxg7+ Ke8 30. Nf6+ (30. Qxc4 Bxh7 31. Rxd5 Rxd5 $11) 30... Nxf6 31. Qe5+ (31. Rxd8+ Qxd8 32. Bxf5 Qd1+ 33. Kh2 Qd6+ 34. Kg1 Nd5 $17) 31... Qe6 32. Bg6+ Ke7 33. Bxf6+ Kf8 34. Be7+ (34. Rxd8+ Rxd8 35. Bg7+ Kg8 $16) 34... Kg8 35. Qxe6+ Bxe6 36. Rxd8+ Rxd8) 29. Bxg7+ Kg8 {[%emt 0:04:15][%cal Bf8g8,Bg8f7,Bf7e6,Be6f6,Bf6g5][%mdl 32] [#]} 30. Bh6 $1 Qc7 {[%emt 0:00:30] Against Qg7+} 31. Nf6+ Kf7 32. Nd7 $2 ({Weaker is} 32. Nxh7 Kg6 33. Nf6 Qf7 34. Nxg4 Rg8 $16) (32. Nxg4 $18 {White threatens Qg7+ and mate.} Nxd5 {[#]} 33. Rxd5 $1 Rxd5 34. Qg7+ Ke6 35. Qxc7) 32... Nxd5 $1 $11 {[%emt 0:00:54] The position is equal.} 33. Qg7+ Ke6 34. Qxh7 {[%emt 0:16:08] Threatening mate with Re1+. Really sharp!} Rxd7 35. Re1+ $1 Kf6 36. Bg5+ $1 {[%emt 0:00:07][%mdl 64] Decoy} Kxg5 37. h4+ Kf6 38. Qh6+ Kf7 39. Qh7+ Kf6 40. Qh6+ {[%emt 0:00:00] Blacks defense is rewarded with a draw.  Weighted Error Value: White=0.16 (very precise) /Black=0.38} 1/2-1/2

[Event "Prague Festival-Challengers 2022"]
[Site "Prague"]
[Date "2022.06.10"]
[Round "3.2"]
[White "Michalik, Peter"]
[Black "Stocek, Jiri"]
[Result "1/2-1/2"]
[ECO "B92"]
[WhiteElo "2579"]
[BlackElo "2533"]
[Annotator "TA"]
[PlyCount "85"]
[EventDate "2022.06.07"]
[EventType "tourn"]
[EventCountry "CZE"]
[SourceTitle "playchess.com"]
[Source "ChessBase"]
[SourceQuality "1"]
[TimeControl "40/5400+30:1800+30"]

1. e4 c5 2. Nf3 d6 3. d4 cxd4 4. Nxd4 Nf6 5. Nc3 a6 6. Be2 e5 7. Nf3 Be7 8. Bg5 Nbd7 9. a4 $1 {[%emt 0:02:20] 9.a4 scores better than 9.0-0. B92: Sicilian Najdorf: 6 Be2.} h6 10. Be3 Ng4 11. Bc1 Ngf6 12. Nd2 Nc5 {[%emt 0:00:58] [#]} 13. Bf3 $146 ({Predecessor:} 13. O-O Qc7 14. a5 Be6 15. Re1 O-O 16. Bf3 Rad8 17. Nd5 Nxd5 18. exd5 Bf5 19. b4 {½-½ (80) So,W (2778)-Vachier Lagrave,M (2789) Stavanger 2018}) 13... Be6 14. O-O Rc8 (14... O-O $11) 15. Re1 $14 g5 16. g3 g4 17. Bg2 h5 18. Nf1 h4 19. Ne3 hxg3 20. hxg3 Rh5 21. a5 Bf8 22. Ra3 Ncd7 23. b4 b5 {[%emt 0:02:42] [#]} (23... Qc7 $14) 24. axb6 $1 $16 Qxb6 25. Bd2 (25. Ned5 $142 Bxd5 26. Nxd5 Nxd5 27. exd5) 25... Qxb4 26. Rxa6 Qd4 ({Black should try} 26... Rxc3 $14 27. Qa1 Nxe4 28. Bxc3 (28. Ra4 $2 Qxa4 29. Qxa4 Nxd2 $19) 28... Nxc3) 27. Nb5 $18 Qc5 28. c4 (28. Na7 $18 Rb8 29. Qa1 (29. Nc6 Rc8 $16)) 28... Nb8 $2 (28... Bxc4 $16 {is more resistant.} 29. Nxd6+ Bxd6 30. Nxc4 Qxc4 31. Rxd6 Ra8) 29. Ra4 Qb6 30. Qa1 {[%emt 0:04:24] [#] Hoping for Rb1.} Nbd7 (30... Qd8 $142 31. Na7 Rc5) 31. Ra6 Qb8 32. Nf5 Nxe4 33. Nfxd6+ $2 (33. Bxe4 Bxf5 34. Bxf5 (34. Ra8 Bxe4 35. Rxe4 Qb7 $17) 34... Rxf5 35. Rb1) 33... Nxd6 34. Ra8 (34. Nxd6+ $18 {and the rest is easy.} Bxd6 35. Rb1) 34... Qxa8 $16 35. Nxd6+ Bxd6 36. Bxa8 Rxc4 37. Qa6 Ke7 38. Be3 {[%emt 0:01:12] Strongly threatening Rd1.} Bc5 $1 39. Bxc5+ Nxc5 40. Qa5 Kf6 41. Qa3 Ra4 42. Qxc5 Rxa8 43. Qc6 {[%emt 0:05:58] Black escapes into a draw.  Weighted Error Value: White=0.32/Black=0.45} 1/2-1/2

[Event "Prague Festival-Challengers 2022"]
[Site "Prague"]
[Date "2022.06.10"]
[Round "3.3"]
[White "Krzyzanowski, Marcin"]
[Black "Abdusattorov, Nodirbek"]
[Result "1/2-1/2"]
[ECO "E67"]
[WhiteElo "2535"]
[BlackElo "2661"]
[Annotator "TA"]
[PlyCount "150"]
[EventDate "2022.06.07"]
[EventType "tourn"]
[EventCountry "CZE"]
[SourceTitle "playchess.com"]
[Source "ChessBase"]
[SourceQuality "1"]
[TimeControl "40/5400+30:1800+30"]

1. Nf3 Nf6 2. c4 d6 3. d4 g6 4. g3 Bg7 5. Bg2 O-O 6. O-O Bf5 7. Nh4 Bc8 8. Nf3 Nbd7 9. Nc3 e5 10. Qc2 Re8 11. dxe5 dxe5 12. Rd1 c6 13. e4 Qe7 14. b3 {[%emt 0:01:35] E67: King's Indian: Fianchetto: 6...Nbd7.} h6 15. h3 Nh7 {[%emt 0:03:26] [#]} 16. Na4 $146 (16. Rd3 $142) ({Predecessor:} 16. a4 Nc5 17. Ba3 a5 18. Rd2 Bf8 19. Re1 Qf6 20. Re3 h5 21. h4 b6 22. Nh2 Bh6 23. Rf3 Qe7 24. Rd1 {0-1 (46) Kaabi,M (2362)-Yurtaev,L (2539) Abu Dhabi 1999}) 16... b6 ({Black should play} 16... Ndf8 $11) 17. Be3 $14 Ndf8 18. c5 b5 19. Nb2 Ne6 20. a4 $36 {[%emt 0:03:58][%mdl 2048] White is on the roll.} bxa4 21. Rxa4 (21. Nxa4 Nhg5 $14) 21... Nhg5 22. Nxg5 hxg5 23. b4 Nd4 24. Bxd4 exd4 25. Nc4 Rd8 26. Qd3 (26. e5 $142) 26... Be6 $16 27. Ra6 Qb7 28. Na5 $1 Qxb4 29. Nxc6 Qb3 30. Nxd8 (30. Qxb3 $18 Bxb3 31. Rb1 (31. Nxd8 Bxd1 32. Nc6 Be2 $11)) 30... Qxd3 31. Rxd3 Bc4 {[%emt 0:00:03] [#]} 32. Rd6 Bxd3 {[%emt 0:00:31] This bishop pair is nice.} 33. e5 $1 Rc8 {[%emt 0:01:51] [#]} 34. e6 {[%emt 0:03:15] 0x0.00207b14806adp-1022s more active pieces.} fxe6 35. Nxe6 {[%emt 0:00:02] Strongly threatening Rd7.} Bf5 36. Nxg7 ({But not} 36. Nxd4 Bxd4 37. Rxd4 Rxc5 $11) ({Don't play} 36. Nxg5 Bf8 37. Rxd4 (37. Bd5+ Kg7 $14) 37... Bxc5 $14) 36... Kxg7 {[%emt 0:00:13][%mdl 4096] Endgame KRB-KRB} 37. c6 ({Much weaker is} 37. Rxd4 $6 Rxc5 38. g4 Bc8 $11) 37... a5 38. Rxd4 Rc7 39. Rd5 {[%emt 0:02:40] And now g4 would win.} Rxc6 40. g4 Be6 41. Rxa5 Rc1+ 42. Kh2 Rc2 43. Kg3 Rc3+ 44. f3 Kf6 45. Bf1 Bf7 46. Ra6+ Kg7 47. Rd6 Rc5 48. Rd7 Kf6 49. Bd3 Ra5 50. Be4 Rc5 51. Ra7 Rb5 52. Ra6+ Kg7 53. Kf2 Rb2+ 54. Kg3 Rb5 $1 55. Rd6 Ra5 56. Rb6 Rc5 57. Kf2 Ra5 58. Ke3 Rc5 59. Kd4 Ra5 60. Rb7 Kf6 61. Bc2 {[%emt 0:01:30] Prevents Ra4+.} Rd5+ 62. Ke3 {[%emt 0:00:25][%cal Ob7f7] Threatens to win with Rxf7+!} Re5+ 63. Kf2 Rc5 64. Be4 Ra5 65. Kg3 Rc5 66. h4 (66. Rd7 $16) 66... gxh4+ $11 67. Kxh4 g5+ 68. Kg3 Ra5 69. Rb6+ Kg7 70. Kf2 Rc5 71. Ke3 Rc3+ 72. Kd4 Rc4+ 73. Ke5 Rc5+ 74. Kd6 Ra5 $1 75. Bc6 Kf6 {[%emt 0:00:16] Weighted Error Value: White=0.10 (very precise) /Black=0.11 (very precise)} 1/2-1/2

[Event "Prague Festival-Challengers 2022"]
[Site "Prague"]
[Date "2022.06.10"]
[Round "3.4"]
[White "Sasikiran, Krishnan"]
[Black "Hracek, Zbynek"]
[Result "1-0"]
[ECO "B30"]
[WhiteElo "2651"]
[BlackElo "2570"]
[Annotator "TA"]
[PlyCount "91"]
[EventDate "2022.06.07"]
[EventType "tourn"]
[EventCountry "CZE"]
[SourceTitle "playchess.com"]
[Source "ChessBase"]
[SourceQuality "1"]
[TimeControl "40/5400+30:1800+30"]

1. e4 c5 2. Nf3 Nc6 3. Bb5 e6 4. Bxc6 bxc6 5. d3 Ne7 6. O-O Ng6 7. Ng5 Be7 {[%emt 0:17:17] B30: Sicilian: 2...Nc6 3 Bb5, lines without ...g6.} 8. Qh5 e5 (8... c4 $5) 9. f4 Bxg5 (9... exf4 $11 {is more appropriate.} 10. Bxf4 Qb6) 10. fxg5 $40 {[%emt 0:02:33][%mdl 128] White is up to no good.} d5 11. Nc3 O-O {[%emt 0:03:07] [#]} 12. Qf3 $146 ({Predecessor:} 12. Kh1 Be6 13. Bd2 c4 14. dxc4 d4 15. Na4 Bxc4 16. Rf2 f6 17. b3 fxg5 18. Rxf8+ Qxf8 19. bxc4 {0-1 (35) Derveloy,S (1400)-Dudulec,K (1835) FICGS email 2007}) 12... Be6 13. Qg3 Rb8 14. b3 Qa5 15. Na4 c4 16. dxc4 dxc4 17. Be3 Rfd8 18. h4 Nf4 (18... Qc7 $16 {keeps fighting.}) 19. Bxf4 ({White should try} 19. Qf3 $18) 19... exf4 $16 20. Qxf4 Qd2 21. Qxd2 Rxd2 22. Rf2 Rbd8 23. Raf1 Kf8 (23... Rxf2 $16 {was called for.} 24. Rxf2 Rd1+ 25. Kh2 Ra1) 24. Nc5 $18 Ke7 25. Kh2 (25. Nxe6 $18 {and the rest is easy.} Rxf2 26. Nxd8 (26. Kxf2 fxe6 27. Ke3 c3 $16) (26. Rxf2 Kxe6 27. h5 Rd1+ 28. Kh2 Ra1 $11) 26... Rxf1+ 27. Kxf1 Kxd8 28. bxc4) 25... a5 26. Kg3 Rxf2 27. Rxf2 $16 {[%emt 0:00:06][%mdl 4096] Endgame KRB-KRN} (27. Kxf2 $6 Rd2+ 28. Ke3 Rxc2 $11) 27... Rd1 28. Nb7 a4 (28... cxb3 $142 29. cxb3 (29. axb3 Ra1 $16) 29... a4) 29. bxa4 Ra1 30. e5 Rxa2 31. Nc5 Ra1 32. Kf4 Bd5 33. Ke3 Kd8 (33... Re1+ $16 34. Re2 Rd1) 34. e6 $1 $18 fxe6 35. Rf7 e5 36. Rxg7 Ra3+ 37. Ke2 {[%emt 0:01:36] White is more active.} Rg3 {[%emt 0:00:09] [#]} 38. h5 $2 (38. Rxh7 $6 Rxg2+ 39. Kf1 Rxc2 $11) (38. c3 $1 $16 Rxg2+ 39. Kf1) 38... Rxg2+ $11 39. Kf1 Rxc2 {[%emt 0:00:20] White must now prevent ...c3.} 40. h6 {[%emt 0:00:00] Ke1 is the strong threat.} ({But not} 40. Rxh7 c3 41. Nb7+ Ke8 42. Nd6+ Kd8 43. Nb7+ (43. Nf7+ $2 Ke7 $19) 43... Ke8 44. Nd6+ Kd8 45. Nb7+ $17 (45. Nf7+ $2 Ke7 $19)) 40... c3 41. g6 {[%emt 0:09:44] [#]} ({Avoid the trap} 41. Rxh7 $2 Rh2 42. Rd7+ Ke8 43. Rxd5 cxd5 $19) 41... Rc1+ $2 {[%emt 0:19:30][%mdl 8192] Loses the game.} (41... hxg6 $1 $17 42. h7 Rh2 43. Rg8+ Kc7) 42. Kf2 $18 {[%emt 0:06:25] White is clearly winning.} Bc4 (42... hxg6 $142 43. h7 Rh1 44. Rg8+ Kc7) 43. Nb7+ Kc8 44. Nd6+ Kb8 45. Nxc4 Rf1+ 46. Ke2 {[%emt 0:00:24] Weighted Error Value: White=0.15 (very precise) /Black=0.31} 1-0

[Event "Prague Festival-Challengers 2022"]
[Site "Prague"]
[Date "2022.06.10"]
[Round "3.5"]
[White "Niemann, Hans Moke"]
[Black "Warmerdam, Max"]
[Result "1-0"]
[ECO "D32"]
[WhiteElo "2656"]
[BlackElo "2614"]
[Annotator "TA"]
[PlyCount "95"]
[EventDate "2022.06.07"]
[EventType "tourn"]
[EventCountry "CZE"]
[SourceTitle "playchess.com"]
[Source "ChessBase"]
[SourceQuality "1"]
[TimeControl "40/5400+30:1800+30"]

1. d4 d5 2. c4 e6 3. Nc3 c5 4. cxd5 cxd4 5. Qa4+ Bd7 6. Qxd4 exd5 7. Qxd5 Nf6 {[%emt 0:00:04] D32: Tarrasch Defence: Sidelines and lines without g3.} 8. Qd1 Bc5 {[%emt 0:00:04] is currently scoring better than 8...Nc6.} 9. Nf3 O-O {[%emt 0:00:06] White is better.} 10. a3 Nc6 11. Bg5 h6 12. Bxf6 Qxf6 (12... gxf6 13. e3 $16) 13. Qxd7 {[%emt 0:03:11] Black must now prevent e3.} Rfd8 $1 14. Qg4 Ne5 15. Qg3 $1 Qb6 $1 16. Rb1 (16. b4 Nxf3+ 17. Qxf3 (17. gxf3 $2 Bxb4 18. axb4 Qd4 $19) 17... Bd4 $11) 16... Rac8 $1 17. e3 Bxa3 18. Bb5 Bxb2 {[%emt 0:03:49] [#]} 19. O-O $1 Nxf3+ 20. Qxf3 Rxc3 ({Don't play} 20... Bxc3 21. Bd7 $1 Rxd7 22. Rxb6 axb6 23. g3 $16) 21. Rxb2 {[%emt 0:00:06] aiming for Rbb1.} a6 {[%emt 0:00:06] [#]} 22. Qxf7+ $146 ({Predecessor:} 22. Qe2 axb5 23. Qxb5 Qxb5 24. Rxb5 Rc7 25. g4 Rd2 26. Kg2 g6 27. h4 Re2 28. h5 g5 29. Rfb1 Rcc2 30. Rf5 Rc7 31. Kf3 {½-½ (31) Germanes,R (2343)-Anderson,P (2358) FICGS email 2013}) 22... Kxf7 {[%emt 0:00:04] [#]} 23. Bc4+ Rxc4 24. Rxb6 $11 {[%emt 0:00:04][%mdl 4096] Endgame KRR-KRR} Rd7 25. Rfb1 Rcc7 26. g4 Ke8 27. Kg2 Kd8 28. h4 Kc8 29. R1b3 Rc4 30. f4 a5 31. R6b5 a4 32. Ra3 Rd6 33. Kf3 Kc7 (33... b6 $11 {keeps the balance.}) 34. Ra5 $16 Ra6 35. Rxa6 bxa6 $18 {[%emt 0:00:00] KR-KR} 36. Rd3 (36. e4 $1 $16) 36... Kb6 37. e4 {[%emt 0:00:00][%cal Be3e4,Be4e5,Be5e6,Be6e7][%mdl 32] And now e5 would win.} Rc1 38. e5 $1 Ra1 $2 {[%emt 0:00:00][%mdl 8192] A mistake that costs the game.} (38... Re1 $16) 39. Re3 {[%emt 0:00:00] Strongly threatening e6.} a3 {[%emt 0:00:00] Threatens to win with ...a2.} 40. Ke4 a2 {[%emt 0:00:00] [#]} 41. Re2 $1 g6 42. e6 Kc7 {[%emt 0:00:51] [#]} 43. Ke5 {[%emt 0:00:05] Hoping for f5.} Kd8 44. f5 {[%emt 0:05:11] Kf6 is the strong threat.} gxf5 45. gxf5 {[%emt 0:00:05][%cal Bg4f5,Bf5f6][%mdl 32] White wants to mate with Kf6.} Ke7 46. f6+ {[%emt 0:00:05] White mates.} Kf8 47. e7+ Kf7 48. Kd6 {[%emt 0:00:42] Weighted Error Value: White=0.04 (flawless) /Black=0.43} 1-0

[Event "Prague Festival-Challengers 2022"]
[Site "Prague"]
[Date "2022.06.11"]
[Round "4.1"]
[White "Keymer, Vincent"]
[Black "Niemann, Hans Moke"]
[Result "1/2-1/2"]
[ECO "D38"]
[WhiteElo "2667"]
[BlackElo "2656"]
[Annotator "TA"]
[PlyCount "119"]
[EventDate "2022.06.07"]
[EventType "tourn"]
[EventCountry "CZE"]
[SourceTitle "playchess.com"]
[Source "ChessBase"]
[SourceQuality "1"]
[TimeControl "40/5400+30:1800+30"]

1. d4 Nf6 2. c4 e6 3. Nf3 d5 4. Nc3 Bb4 5. Qa4+ Nc6 6. e3 O-O 7. Bd2 Re8 {[%emt 0:00:40] D38: Queen's Gambit Declined: Ragozin Defence (4 Nf3 Bb4).} 8. a3 Bf8 9. h3 h6 10. Rd1 {[%emt 0:10:31] [#]} Bd7 $146 ({Predecessor:} 10... a6 11. Qc2 e5 12. dxe5 Nxe5 13. Nxe5 Rxe5 14. cxd5 Nxd5 15. Be2 c6 16. e4 Nf6 17. Bf4 Qe8 18. Bxe5 Qxe5 19. O-O Bc5 20. Kh1 g5 21. Nd5 Nxe4 22. Qxe4 {1-0 (22) Najer,E (2648)-Drygalov,A (2500) Chess.com INT 2021}) 11. Qc2 $1 e5 12. dxe5 Nxe5 13. Nxd5 Nxf3+ 14. gxf3 Nxd5 15. cxd5 c6 16. Qb3 (16. h4 $1 $14) 16... cxd5 $11 17. Qxd5 Qc8 (17... Ba4 $11 18. Qxd8 (18. Ba5 Qh4 $15) 18... Rexd8) 18. Bb5 Rd8 19. Bc3 {[%emt 0:07:58][%cal Rb5d7] White is more active.} Bxb5 20. Qxb5 Rxd1+ 21. Kxd1 Bxa3 22. Bxg7 $1 Kxg7 23. Rg1+ Kf6 24. bxa3 $16 {[%emt 0:04:11][%mdl 4096] Endgame KQR-KQR} Qc3 {[%emt 0:00:07] ( -> ...Rd8+)} 25. Rg4 $1 {[%emt 0:02:47] Hoping for Qd5. Really sharp!} Rd8+ {[%emt 0:00:07] [#]} 26. Ke2 $1 Rd2+ 27. Kf1 {[%emt 0:00:03] Qe8 is the strong threat.} Qd3+ 28. Qxd3 Rxd3 {[%emt 0:00:05] KR-KR} 29. Ra4 a6 30. Rb4 Rxa3 31. Rb6+ Kg7 32. Rxb7 a5 33. f4 a4 {[%emt 0:00:06] [#]} 34. Ra7 (34. Kg2 $142 $1) 34... Ra1+ (34... Kg6 $142) 35. Kg2 ({Don't take} 35. Ke2 Kg6 $16) 35... a3 36. Kf3 a2 37. f5 (37. Ke4 $16) 37... Kg8 $1 $11 {[%emt 0:06:57] The position is equal.} 38. Ra8+ Kg7 39. Ra7 {[%emt 0:00:03] next e4 is good for White.} Kg8 $1 40. f6 Rh1 $1 41. Rxa2 {[%emt 0:02:33] Black must now prevent Ra7.} Rxh3+ 42. Kg4 Rh2 43. Kg3 Rh5 44. e4 Kh7 $1 45. Re2 {[%emt 0:00:55] Threatens to win with e5.} Ra5 46. Kf4 Kg6 47. e5 Ra4+ 48. Re4 Ra2 49. f3 Ra1 50. Rd4 h5 51. Re4 Rh1 52. Re2 {[%emt 0:02:50] Threatening mate with Rg2+.} Rh4+ 53. Kg3 Ra4 54. Rh2 Rb4 55. Rh1 Ra4 56. Rh4 Ra5 57. Re4 Kf5 58. e6 Ra8 59. exf7 {[%emt 0:01:15] White wants to mate with Re8.} Rf8 60. Rf4+ {[%emt 0:01:34] Weighted Error Value: White=0.10 (very precise) /Black=0.06 (flawless)} 1/2-1/2

[Event "Prague Festival-Challengers 2022"]
[Site "Prague"]
[Date "2022.06.11"]
[Round "4.2"]
[White "Hracek, Zbynek"]
[Black "Abdusattorov, Nodirbek"]
[Result "1/2-1/2"]
[ECO "B41"]
[WhiteElo "2570"]
[BlackElo "2661"]
[Annotator "TA"]
[PlyCount "75"]
[EventDate "2022.06.07"]
[EventType "tourn"]
[EventCountry "CZE"]
[SourceTitle "playchess.com"]
[Source "ChessBase"]
[SourceQuality "1"]
[TimeControl "40/5400+30:1800+30"]

1. e4 c5 2. Nf3 e6 3. d4 cxd4 4. Nxd4 a6 5. c4 Nf6 6. Nc3 Qc7 7. Be2 Bb4 8. Nc2 Bd6 {[%emt 0:00:09] Recently 8...Bxc3+ got a lot of attention. B41: Sicilian: Kan Variation: 5 c4.} 9. Be3 {[%emt 0:03:19] [#]} O-O $146 ({Predecessor:} 9... Nc6 10. Qd2 O-O 11. f4 e5 12. f5 Nb4 13. a3 Nxc2+ 14. Qxc2 b5 15. c5 Bxc5 16. Nd5 Nxd5 17. Qxc5 Qxc5 18. Bxc5 {1-0 (60) Marek,M (2398)-Pomini,A (2273) Porto Carras 2015}) 10. Qd2 Be5 $1 {[%emt 0:01:35] White is slightly better.} 11. Nd4 Nc6 12. Rc1 b6 13. g3 Bb7 14. f3 Rad8 15. Kf2 Qb8 16. Rhd1 Ne7 17. b4 Ne8 (17... Rfe8 $11) 18. c5 bxc5 19. bxc5 d6 20. Na4 {[%emt 0:06:56] White is much more active.} (20. cxd6 $16 Nxd6 21. Qb2) 20... d5 $1 $11 21. Rb1 $36 {[%emt 0:06:31][%cal Oc5c6][%mdl 2048] White fights for an advantage.} dxe4 $2 (21... Qc7 $1 $11 {and Black stays safe.}) 22. c6 $1 $18 Bxd4 23. Rxb7 Qc8 {[%emt 0:00:06] [#] Hoping for ...Nf5.} 24. Rxe7 ({Wrong is} 24. Bxd4 $2 Nxc6 25. Qc2 (25. Rb4 $2 e5 $19) 25... Qxb7 $19) 24... exf3 25. Bxf3 (25. Bxd4 $18 fxe2 26. Rc1 (26. Qxe2 Qxc6 27. Ba7 Nf6 $11)) 25... Bxe3+ $16 26. Qxe3 {[%emt 0:00:04] Strongly threatening Nb6.} Rxd1 27. Bxd1 Qxc6 28. Qf3 Qc4 {[%emt 0:02:04] [#]} (28... Qd6 $16 {was necessary.} 29. Rb7 Qd2+ 30. Kg1 Qxa2) 29. Bb3 $1 $18 Qd4+ 30. Kg2 {[%emt 0:00:11][%cal Of3f7] White wants to mate with Qxf7+!} Nf6 31. Qc3 $2 (31. Qf4 $18 Qxf4 32. gxf4) 31... Qe4+ $11 32. Qf3 {[%emt 0:00:07] Threatens to win with Qxe4.} Qe5 (32... Qd4 $1 $11) 33. Ra7 Qd4 (33... h5 $16) 34. Ra8 (34. Rxa6 $18 {is more deadly. And now Qf4 would win.} g6 35. Rc6) 34... Qd2+ $16 35. Kh3 Qh6+ 36. Kg2 {[%emt 0:00:05] Rxf8+ is the strong threat.} Qd2+ 37. Kh3 ({White should play} 37. Kf1 $16) 37... Qh6+ $11 38. Kg2 {[%emt 0:00:05] Weighted Error Value: White=0.29 (precise) /Black=0.29 (precise)} 1/2-1/2

[Event "Prague Festival-Challengers 2022"]
[Site "Prague"]
[Date "2022.06.11"]
[Round "4.3"]
[White "Sasikiran, Krishnan"]
[Black "Pechac, Jergus"]
[Result "1/2-1/2"]
[ECO "C60"]
[WhiteElo "2651"]
[BlackElo "2597"]
[Annotator "TA"]
[PlyCount "75"]
[EventDate "2022.06.07"]
[EventType "tourn"]
[EventCountry "CZE"]
[SourceTitle "playchess.com"]
[Source "ChessBase"]
[SourceQuality "1"]
[TimeControl "40/5400+30:1800+30"]

1. e4 e5 2. Nf3 Nc6 3. Bb5 Nge7 4. Nc3 Ng6 5. d4 Nxd4 6. Nxd4 {[%emt 0:00:13] C60: Ruy Lopez: Unusual Black 3rd moves and 3...g6.} exd4 7. Qxd4 c6 8. Be2 {[%emt 0:00:13] White is slightly better.} Qb6 9. Be3 Qxb2 10. Rb1 Qa3 {[%emt 0:00:05] [#]} (10... Qxc2 $2 11. Rb3 Be7 12. Bd1 $18) 11. f4 $146 ({Predecessor:} 11. O-O Qd6 12. Qc4 Nf4 13. Rfd1 Qe5 14. Bg4 Be7 15. g3 Ne6 16. f4 Qa5 17. Kg2 {1-0 (42) De la Villa Garcia,J (2485)-Allan,D (2310) Szirak 1987}) 11... Qd6 12. O-O f6 {[%emt 0:00:10] Inhibits e5.} 13. Bh5 {[%emt 0:00:34] Black must now prevent f5.} Qxd4 14. Bxd4 {[%emt 0:00:06] [#] And now f5 would win.} Kd8 15. e5 fxe5 16. fxe5 b6 17. Rf7 {[%emt 0:01:52][%cal Oe5e6][%mdl 1024] White has compensation.} Ke8 18. Rf2 Bb7 19. Rd2 Be7 20. Re1 Rf8 21. Ne4 {[%emt 0:13:44] [#] Threatens to win with Nd6+.} Rf7 22. Bc3 Rd8 23. Nd6+ Bxd6 24. Rxd6 Ba6 25. e6 Re7 26. exd7+ Rdxd7 27. Rxc6 Bb7 28. Bxg6+ hxg6 29. Rxe7+ Kxe7 30. Rxg6 $14 {[%emt 0:00:12][%mdl 4096] Endgame KRB-KRB} Kf8 31. Rg4 Bc8 {[%emt 0:05:08] ...Rd1+ is the strong threat.} 32. Rg3 Rf7 33. Be5 Bf5 34. c3 g6 35. h3 Ke7 36. Re3 Ke6 37. c4 Kd7 38. g4 {[%emt 0:00:50] Weighted Error Value: White=0.03 (flawless) /Black=0.03 (flawless)} 1/2-1/2